 Dungeon Crawl Stone Soup version 0.21.1-1-g345015f (webtiles) character file.

13860 wojtek the Protected (level 11, -19/97 HPs)
             Began as a Minotaur Fighter on July 1, 2018.
             Was a High Priest of Okawaru.
             Demolished by a minotaur (30 damage)
             ... in a labyrinth.
             The game lasted 00:17:32 (12983 turns).

wojtek the Protected (Minotaur Fighter)            Turns: 12983, Time: 00:17:33

Health: -19/97     AC: 20    Str: 24    XL:     11   Next: 81%
Magic:  16/16      EV: 10    Int:  8    God:    Okawaru [*****.]
Gold:   635        SH:  0    Dex: 10    Spells: 10/10 levels left

rFire    + . .     SeeInvis .   F - +8 mace of Variability {chaos}
rCold    . . .     Gourm    .   (shield currently unavailable)
rNeg     . . .     Faith    .   j - +0 plate armour
rPois    +         Spirit   .   Q - +1 hat {Int+3}
rElec    .         Reflect  .   u - +2 cloak {MR+}
rCorr    .         Harm     .   r - +0 pair of gloves
MR       +....                  (no boots)
Stlth    ..........             (no amulet)
HPRegen  0.26/turn              O - ring of poison resistance
MPRegen  0.15/turn              E - ring of protection from fire

@: no status effects
A: retaliatory headbutt, horns 2
a: Heroism, Finesse, Renounce Religion


You were in a labyrinth.
You worshipped Okawaru.
Okawaru was extremely pleased with you.
You were not hungry.

You visited 3 branches of the dungeon, and saw 13 of its levels.
You also visited: Labyrinth and Sewer.

You collected 762 gold pieces.
You spent 127 gold pieces at shops.

Inventory:

Hand Weapons
 a - a +0 war axe
 y - a +2 whip of flaming
 F - the +8 mace of Variability (weapon) {chaos}
   (You found it on level 8 of the Dungeon)

   Each time it hits an enemy it has a different, random effect.
 I - a +0 hand axe of flaming
Armour
 b - a +0 scale mail
 c - a +0 shield
 j - a +0 plate armour (worn)
 r - a +0 pair of gloves (worn)
 u - a +2 cloak of magic resistance (worn)
 J - the +3 buckler of Impermeability {rF+++, unknown}
   (Okawaru gifted it to you on level 8 of the Dungeon)

   It renders you almost immune to fire.
 Q - a +1 hat of intelligence (worn)
Jewellery
 n - an uncursed ring of magical power {unknown}
 E - a ring of protection from fire (right hand)
 K - an uncursed ring of fire
 O - a ring of poison resistance (left hand)
Wands
 x - a wand of acid (11)
 H - a wand of scattershot (3)
 M - a wand of flame (19)
 P - a wand of disintegration (14)
Scrolls
 l - 6 scrolls of remove curse
 p - 3 scrolls of fog {unknown}
 q - 2 scrolls of fear
 z - 8 scrolls of identify
 B - 4 scrolls of teleportation {unknown}
 C - 3 scrolls of amnesia {unknown}
Potions
 d - 4 potions of might
 e - 4 potions of flight {unknown}
 g - 3 potions of heal wounds
 s - 3 potions of lignification {unknown}
 A - 3 potions of curing {unknown}
 D - 2 potions of ambrosia {unknown}
Miscellaneous
 v - a phial of floods
Comestibles
 f - 26 rations


   Skills:
 + Level 9.6 Fighting
 - Level 8.2 Axes
 + Level 9.6 Armour
 + Level 8.1 Dodging
 + Level 9.6 Shields
 - Level 9.0 Invocations
 * Level 4.7 Evocations


You had 10 spell levels left.
You didn't know any spells.

Dungeon Overview and Level Annotations

Branches:
Dungeon (10/15)            Temple (1/1) D:5            Lair (2/6) D:10
  Swamp (0/4) Lair:2       Spider (0/4) Lair:2
    Orc: D:9-12

Altars:
Ashenzari
Cheibriados
Dithmenos
Elyvilon
Fedhas
Gozag
Hepliaklqana
Kikubaaqudgha
Makhleb
Nemelex Xobeh
Okawaru
Qazlal
Ru
Sif Muna
Trog
Uskayaw
Vehumet
Wu Jian
Xom
Yredelemnul
Zin
The Shining One

Shops:
D:10 *


Innate Abilities, Weirdness & Mutations

You reflexively headbutt those who attack you in melee.
You have a pair of horns on your head.


Message History

The minotaur gores you but does no damage.
You bludgeon the minotaur!!
The minotaur goes berserk!
The minotaur is severely wounded.
The minotaur hits you but does no damage.
The minotaur gores you!
The minotaur hits you but does no damage.
The minotaur gores you but does no damage.
The minotaur hits you!!!
* * * LOW HITPOINT WARNING * * *
The minotaur barely misses you.
You feel much better. The minotaur hits you!
* * * LOW HITPOINT WARNING * * *
The minotaur gores you!
* * * LOW HITPOINT WARNING * * *
Unknown command.
You feel much better. The minotaur hits you!
* * * LOW HITPOINT WARNING * * *
The minotaur gores you but does no damage.
The minotaur hits you!!
You die...

###
#.###.## #
#.# # #.. #
........#
.. ###
###.###.#.#
## #.#...#
#.#...
###.#.# ###
### #...#.#
###.###
#...# #@###
#...H.#
###.### #.
#


You could see a minotaur (berserk).

Vanquished Creatures
  3 hydras
  2 two-headed ogres
  The ghost of execc the Cleaver, a novice OpBe of Trog (D:7)
  Pikel (D:4)
  A black mamba (Lair:1)
  A gargoyle (D:10)
  The ghost of GreatBrownShark the Chopper, an amateur HOFi of Beogh (D:5)
  Grinder (D:2)
  3 hippogriffs
  2 dream sheep
  A shadow (Lab)
  Sigmund (D:4)
  4 yaks
  Eustachio (D:4)
  A wyvern (D:10)
  2 basilisks (Lab)
  2 vampires (D:10)
  2 chaos spawn (D:8)
  A hungry ghost (D:7)
  A soldier ant (D:10)
  A water moccasin (Lair:1)
  4 porcupines
  3 orc warriors
  2 phantoms
  2 sky beasts (D:9)
  An ice beast (D:9)
  6 ogres
  A necrophage (D:9)
  7 centaurs
  2 crocodiles
  5 big kobolds
  6 bullfrogs
  A wyvern zombie (D:10)
  4 scorpions
  A water moccasin skeleton (D:6)
  5 wights (D:10)
  4 killer bees (D:10)
  A vampire bat (D:10)
  A howler monkey (D:8)
  3 bullfrog zombies
  6 crimson imps
  2 hounds
  2 jellies
  3 orc priests
  Crazy Yiuf (D:3)
  A bullfrog skeleton (D:10)
  Terence (D:3)
  3 iguanas
  4 orc wizards
  7 worker ants
  18 adders
  A gnoll (D:1)
  3 river rats (D:4)
  4 shadow imps
  2 oozes (D:3)
  An adder skeleton (D:6)
  An adder zombie (D:10)
  4 worms
  A dart slug (D:3)
  6 leopard geckos
  18 orcs
  17 bats
  11 giant cockroaches
  8 goblins
  10 hobgoblins
  8 jackals
  13 kobolds
  4 quokkas
  2 ball pythons
  10 frilled lizards
  A jackal skeleton (D:8)
  A quokka skeleton (D:8)
  14 rats
280 creatures vanquished.

Vanquished Creatures (collateral kills)
  A yak (Lair:1)
1 creature vanquished.

Vanquished Creatures (others)
  An orc (D:8)
  5 fungi (D:10)
6 creatures vanquished.

Grand Total: 287 creatures vanquished

Notes
Turn   | Place    | Note
-------+----------+-------------------------------------------
     0 | D:1      | wojtek the Minotaur Fighter began the quest for the Orb.
     0 | D:1      | Reached XP level 1. HP: 19/19 MP: 0/0
   181 | D:1      | Reached XP level 2. HP: 26/26 MP: 1/1
   487 | D:1      | Reached XP level 3. HP: 31/31 MP: 2/2
   767 | D:2      | Found a sparkling altar of Nemelex Xobeh.
   861 | D:2      | Found a deep blue altar of Sif Muna.
   902 | D:2      | Found an iron altar of Okawaru.
   914 | D:2      | Became a worshipper of Warmaster Okawaru
   961 | D:2      | Reached skill level 5 in Axes
   961 | D:2      | Reached skill level 1 in Invocations
   961 | D:2      | Reached XP level 4. HP: 35/39 MP: 3/3
  1114 | D:2      | Found a sacrificial altar of Ru.
  1467 | D:2      | Found a shimmering altar of Xom.
  1520 | D:3      | Noticed Grinder
  1714 | D:3      | Paralysed by Grinder for 5 turns
  2276 | D:3      | Noticed Terence
  2285 | D:3      | Killed Terence
  2285 | D:3      | Reached XP level 5. HP: 33/45 MP: 4/6
  2371 | D:3      | Found a runed door.
  2660 | D:3      | Found a shattered altar of Ashenzari.
  3004 | D:3      | Noticed Crazy Yiuf
  3014 | D:3      | Killed Crazy Yiuf
  3155 | D:4      | Found a snail-covered altar of Cheibriados.
  3158 | D:4      | Reached * piety under Okawaru
  3158 | D:4      | Reached skill level 1 in Dodging
  3158 | D:4      | Reached XP level 6. HP: 50/52 MP: 7/7
  3204 | D:4      | Noticed Sigmund
  3223 | D:4      | Killed Sigmund
  3223 | D:4      | Reached XP level 7. HP: 34/60 MP: 7/9
  3335 | D:4      | Found a glowing drain.
  3351 | Sewer    | Entered a sewer
  4033 | D:4      | Noticed Pikel
  4052 | D:4      | Killed Pikel
  4052 | D:4      | Reached ** piety under Okawaru
  4052 | D:4      | Reached skill level 5 in Fighting
  4052 | D:4      | Reached skill level 5 in Armour
  4052 | D:4      | Reached skill level 5 in Shields
  4052 | D:4      | Reached skill level 5 in Invocations
  4052 | D:4      | Reached XP level 8. HP: 41/68 MP: 10/10
  4344 | D:4      | Noticed Eustachio
  4420 | D:4      | Killed Eustachio
  4807 | D:5      | Entered Level 5 of the Dungeon
  4810 | D:5      | Noticed GreatBrownShark's ghost (amateur HOFi)
  4820 | D:5      | Killed GreatBrownShark's ghost
  4820 | D:5      | Reached *** piety under Okawaru
  5214 | D:5      | Found a staircase to the Ecumenical Temple.
  5235 | Temple   | Entered the Ecumenical Temple
  5320 | D:5      | Found an ornate altar of the Wu Jian Council.
  5343 | D:5      | Identified the Disquisition on Unholy Fire
  5516 | D:5      | Found a glowing golden altar of the Shining One.
  5607 | D:5      | Reached XP level 9. HP: 75/75 MP: 12/12
  5619 | D:5      | Found a hide-covered altar of Uskayaw.
  6275 | D:6      | Found a radiant altar of Vehumet.
  6325 | D:6      | Found a basalt altar of Yredelemnul.
  6854 | D:7      | Found a glowing golden altar of the Shining One.
  7128 | D:7      | Noticed execc's ghost (novice OpBe)
  7161 | D:7      | Killed execc's ghost
  7161 | D:7      | Reached **** piety under Okawaru
  7161 | D:7      | Reached skill level 5 in Dodging
  7824 | D:8      | Found the +12 mace of Variability {chaos}
  7845 | D:8      | Reached ***** piety under Okawaru
  7845 | D:8      | HP: 2/78 [chaos spawn (8)]
  8182 | D:8      | Found a shimmering altar of Xom.
  8238 | D:8      | Reached XP level 10. HP: 45/86 MP: 14/14
  8252 | D:8      | Found an ancient bone altar of Kikubaaqudgha.
  8444 | D:8      | Noticed a two-headed ogre
  8452 | D:8      | Killed a two-headed ogre
  8452 | D:8      | Received a gift from Okawaru
  8459 | D:8      | Got a warped buckler {god gift}
  9448 | D:8      | Noticed a three-headed hydra
  9457 | D:8      | Killed a two-headed hydra
  9862 | D:2      | Killed Grinder
 10086 | D:9      | Found a snail-covered altar of Cheibriados.
 10343 | D:10     | Entered Level 10 of the Dungeon
 10352 | D:10     | Reached XP level 11. HP: 85/94 MP: 16/16
 10427 | D:10     | Reached skill level 1 in Evocations
 10662 | D:10     | Found Boeryax's General Store.
 10742 | D:10     | Bought a potion of heal wounds for 75 gold pieces
 10742 | D:10     | Bought a scroll of fear for 52 gold pieces
 10742 | D:10     | Found a basalt altar of Yredelemnul.
 10749 | D:10     | Noticed a two-headed ogre
 10753 | D:10     | Killed a two-headed ogre
 10836 | D:10     | Received a gift from Okawaru
 11771 | D:10     | Found a staircase to the Lair.
 11932 | Lair:1   | Entered Level 1 of the Lair of Beasts
 12251 | Lair:1   | Noticed a six-headed hydra
 12258 | Lair:1   | Killed a six-headed hydra
 12812 | Lair:2   | Noticed a four-headed hydra
 12824 | Lair:2   | Killed a four-headed hydra
 12838 | Lair:2   | Found a labyrinth entrance.
 12858 | Lab      | Entered a labyrinth
 12975 | Lab      | Noticed a minotaur
 12983 | Lab      | Demolished by a minotaur

Skill      XL: |  1  2  3  4  5  6  7  8  9 10 11 |
---------------+----------------------------------+-----
Axes           | 3 4 5 6 7 8 |  8.2
Invocations    | 1 2 3 4 5 6 7 9 |  9.0
Dodging        | 1 3 4 5 6 8 |  8.1
Shields        | 4 5 7 8 9 |  9.6
Armour         | 4 5 6 7 8 9 |  9.6
Fighting       | 4 5 7 8 9 |  9.6
Evocations     | 4 |  4.7

Action                   |  1- 3 |  4- 6 |  7- 9 | 10-12 || total
-------------------------+-------+-------+-------+-------++-------
Melee: War axe           |    54 |   167 |   350 |       ||   571
       Headbutt          |     5 |    30 |    63 |    32 ||   130
       Unarmed           |       |     5 |       |       ||     5
       Great mace        |       |       |     9 |   230 ||   239
       Hand axe          |       |       |       |     1 ||     1
Invok: Heroism           |       |       |       |     1 ||     1
       Finesse           |       |       |       |     1 ||     1
  Use: Scroll            |       |     4 |     2 |     3 ||     9
       Potion            |       |       |       |     2 ||     2
 Stab: Held in net/web   |       |       |       |     2 ||     2
  Eat: Chunk             |       |     8 |    12 |    14 ||    34
       Ration            |       |       |     2 |     1 ||     3
Armor: Scale mail        |    20 |    70 |   140 |   168 ||   398
       Plate armour      |       |       |       |    13 ||    13
Dodge: Dodged            |    21 |    53 |   118 |   216 ||   408
Block: Shield            |    37 |    82 |   169 |       ||   288
